 Dungeon Crawl Stone Soup version 0.27-a0-972-gd1521fd518 (webtiles) character file.

Game seed: 4193648040190024131

57 Froggeryz the Insei (level 4, -4/28 HPs)
             Began as an Octopode Transmuter on Apr 13, 2021.
             Slain by Ijyb
             ... wielding a +3 club
              (7 damage)
             ... on level 4 of the Dungeon.
             The game lasted 00:02:14 (2371 turns).

Froggeryz the Insei (Octopode Transmuter)           Turns: 2371, Time: 00:02:14

Health: -4/28      AC:  1    Str:  9    XL:     4   Next: 0%
Magic:  7/7        EV: 13    Int: 16    God:
Gold:   90         SH:  0    Dex: 12    Spells: 6/7 levels left

rFire    . . .     SeeInvis .     - Unarmed
rCold    . . .     Faith    .   (no shield)
rNeg     . . .     Spirit   .   (helmet currently unavailable)
rPois    .         Reflect  .   d - amulet of regeneration
rElec    .         Harm     .   (no ring)
rCorr    .         Rampage  .   (no ring)
Will     .....                  (no ring)
Stlth    ++........             (no ring)
HPRegen  1.09/turn              (no ring)
MPRegen  0.10/turn              (no ring)
                                (no ring)
                                (no ring)

@: appendages (expiring)
A: tentacle spike 3, almost no armour, amphibious, 8 rings, camouflage 1,
gelatinous body 1, (nimble swimmer 1), tentacles, MP-powered wands
a: End Transformation


You were on level 4 of the Dungeon.
One of your tentacles had grown a beastly spike.
You visited 1 branch of the dungeon, and saw 4 of its levels.

You collected 90 gold pieces.

Inventory:

Missiles
 h - a throwing net
Jewellery
 a - an amulet of faith
 d - an amulet of regeneration (around mantle)
 g - a ring of positive energy
Scrolls
 b - a scroll of fear {unknown}
 e - 2 scrolls of blinking {unknown}
 f - 3 scrolls of noise {unknown}
 i - a scroll of immolation {unknown}
 j - a scroll of enchant armour {unknown}
Potions
 c - a potion of mutation


   Skills:
 - Level 1.0 Fighting
 + Level 2.8 Dodging
 * Level 4.2 Unarmed Combat
 - Level 2.0 Spellcasting
 - Level 2.0 Transmutations


You had 6 spell levels left.
You knew the following spells:

 Your Spells              Type           Power      Damage    Failure   Level
a - Beastly Appendage     Tmut           16%        N/A       9%          1

Your spell library contained the following spells:

 Spells                   Type           Power      Damage    Failure   Level
 Wereblood                Tmut           8%         N/A       14%         2
 Spider Form              Tmut/Pois      2%         N/A       38%         3
 Ice Form                 Ice/Tmut       4%         N/A       80%         4
 Hydra Form               Tmut           4%         N/A       94%         5


Dungeon Overview and Level Annotations

Branches:
Dungeon (4/15)
 Temple: D:4-7

Altars:

Annotations:
D:2 1 runed translucent door, Crazy Yiuf
D:3 exclusion: water moccasin
D:4 Ijyb


Innate Abilities, Weirdness & Mutations

One of your tentacles has grown a beastly spike.
You cannot wear most types of armour.
You are amphibious.
You can wear up to eight rings at the same time.
Your skin changes colour to match your surroundings (Stealth+).
Your rubbery body absorbs attacks. (AC +1, EV +1)
((You are camouflaged near water. (Stealth+)))
You have tentacles for arms and can constrict up to eight enemies at once.
You expend magic power (3 MP) to strengthen your wands.


Message History

There is a stone staircase leading down here.
You climb downwards.
There is a stone staircase leading up here.
You now have 90 gold pieces (gained 10).
Ijyb the Twisted Goblin comes into view.
She is wielding a +3 club and carrying a wand of flame (12).
Ijyb is nearby!
Casting: Beastly Appendage (safe; 9% risk of failure)
Confirm with . or Enter, or press ? or * to list all spells.
One of your tentacles grows a vicious spike.
The helpless Ijyb fails to defend herself.
You tentacle-slap Ijyb but do no damage.
You grab Ijyb.
Your tentacle spike misses Ijyb.
You squeeze Ijyb.
Ijyb is lightly wounded.
You constrict Ijyb, but do no damage.
You tentacle-slap Ijyb but do no damage.
You pierce Ijyb.
Ijyb is lightly wounded.
You constrict Ijyb.
Ijyb zaps a wand.
The puff of flame hits you.
You tentacle-slap Ijyb but do no damage.
You squeeze Ijyb.
Ijyb is moderately wounded.
You constrict Ijyb.
Ijyb zaps a wand.
The puff of flame hits you!
You tentacle-slap Ijyb.
You pierce Ijyb, but do no damage.
Ijyb is heavily wounded.
You constrict Ijyb, but do no damage. Ijyb barely misses you.
You tentacle-slap Ijyb but do no damage.
You pierce Ijyb.
Ijyb is heavily wounded.
You constrict Ijyb. Ijyb hits you with a +3 club.
* * * LOW HITPOINT WARNING * * *
It was a potion of mutation.
You feel extremely strange.
You feel your magical essence link to the dungeon's wands.
You constrict Ijyb. Ijyb hits you with a +3 club!
* * * LOW HITPOINT WARNING * * *
You tentacle-slap Ijyb but do no damage.
Your tentacle-slap misses Ijyb.
Ijyb is severely wounded.
Your transformation is almost over.
You constrict Ijyb, but do no damage. Ijyb hits you with a +3 club!
You die...

#. #.
#####.###
......g.#
#.#@#
#.#.#######
#.#........
#.......###
#.......#
#.......#
###.#######
..#.# #.#.#


You could see Ijyb.

Vanquished Creatures
  An adder (D:2)
  An orc (D:3)
  5 ball pythons
  5 endoplasms
  2 giant cockroaches
  6 goblins
  5 hobgoblins
  4 jackals (D:1)
  A kobold (D:2)
  3 quokkas
  2 bats (D:1)
  3 frilled lizards
  2 rats
40 creatures vanquished.

Notes
Turn   | Place    | Note
-------+----------+-------------------------------------------
     0 | D:1      | Froggeryz the Octopode Transmuter began the quest for the
                  | Orb.
     0 | D:1      | Reached XP level 1. HP: 13/13 MP: 3/3
   245 | D:1      | Reached XP level 2. HP: 7/18 MP: 3/5
   774 | D:1      | Reached XP level 3. HP: 19/23 MP: 6/6
  1078 | D:2      | Reached skill level 4 in Unarmed Combat
  1141 | D:2      | Found a runed translucent door.
  1142 | D:2      | Noticed Crazy Yiuf
  1249 | D:2      | Found a faded altar of an unknown god.
  1841 | D:3      | Noticed a water moccasin
  1994 | D:3      | Reached XP level 4. HP: 23/28 MP: 7/7
  2357 | D:4      | Noticed Ijyb
  2370 | D:4      | Gained mutation: You expend magic power (3 MP) to
                  | strengthen your wands. [potion of mutation]
  2371 | D:4      | Slain by Ijyb

Illustrated notes

Levels and vault maps discovered:
D:1:      amcnicky_arrival_underground_garden, layout_basic
D:2:      layout_rooms, ebering_ecumenical_altar_hall, minmay_statues_item,
          uniq_crazy_yiuf_cottage
D:3:      minmay_general_purpose_star, layout_basic, small_statue_intersection,
          minivault_14
D:4:      layout_basic, lemuel_mausoleum_altar_yredelemnul, serial_shops, shop,
          kennysheep_mini, uniq_ijyb

Skill      XL: |  1  2  3 |
---------------+----------+-----
Unarmed Combat | 4 |  4.2
Fighting       | |  1.0
Dodging        | |  2.8
Spellcasting   | |  2.0
Transmutations | |  2.0

Action                   |  1- 3 |  4- 6 || total
-------------------------+-------+-------++-------
Melee: Unarmed           |    91 |     6 ||    97
       Constrict         |    18 |     1 ||    19
       Kick              |    14 |     3 ||    17
       Tentacles         |    10 |     2 ||    12
 Cast: Beastly Appendage |     7 |     1 ||     8
  Use: Potion            |       |     1 ||     1
 Stab: Sleeping          |     6 |     1 ||     7
Armor: Skin              |     7 |       ||     7
Dodge: Dodged            |    50 |     1 ||    51

Table legend: (Time is in decaauts)
 A = Elapsed time spent in this place.
 B = Non-inter-level travel time spent in this place.
 C = Inter-level travel time spent in this place.
 D = Time resting spent in this place.
 E = Time spent auto-exploring this place.
 F = Levels seen in this place.
 G = Mean time per level.
                   A        B        C        D        E       F      G
               +--------+--------+--------+--------+--------+-----+--------+
         Total |   2363 |   2292 |     71 |    193 |   1818 |   4 |  590.8 |
       Dungeon |   2363 |   2292 |     71 |    193 |   1818 |   4 |  590.8 |
               +--------+--------+--------+--------+--------+-----+--------+

Top non-repeatable levels by time:
     D:1: 943 daAuts
     D:3: 842 daAuts
     D:2: 554 daAuts
     D:4: 23 daAuts
